[Event "Early-Titled-Tuesday-Blitz-October-03-2023"]
[Site "Chess.com"]
[Date "2023.10.03"]
[Round "2"]
[White "Aslanov_Umid"]
[Black "GaiozNigalidze"]
[Result "0-1"]
[WhiteElo "2522"]
[BlackElo "2751"]
[TimeControl "180+1"]
[EndTime "8:18:30 PDT"]
[Termination "GaiozNigalidze won by checkmate"]

1. e4 c5 2. Nf3 d6 3. d4 cxd4 4. Nxd4 Nf6 5. Nc3 a6 6. Bc4 e6 7. Bb3 b5 8. Bg5 Be7 9. Qf3 Qb6 10. O-O-O h6 11. e5 Bb7 12. Qh3 dxe5 13. Bxf6 Bxf6 14.
Nxe6 fxe6 15. Bxe6 Ke7 16. Bf5 b4 17. Nd5+ Bxd5 18.
Rxd5 Rd8 19. Rxd8 Qxd8 20. Qf3 Ra7 21. Rd1 Qc7 22. Qb3 Qc6 23. Qg8 Nd7 24. Bg6 Bg5+ 25.
Kb1 Qxg6 26. Qd5 Qe6 27. Qe4 Rc7 28. Qxb4+ Kf7 29. h4 Bf6 30. g4 e4 31. g5 hxg5 32. hxg5 Bxg5 33. Qa5 Bf4 34. Qh5+ Ke7 35. Qh4+ Qf6 36.
Qh5 Rc5 37. Rxd7+ Kxd7 38. Qxc5 Qd6 39. Qf5+ Kc7 40. a3 Qe5 41. Qf7+ Kd6 42. Qg6+ Ke7 43.
Qxa6 e3 44. fxe3 Bxe3 45. Qb7+ Kf6 46. Qf3+ Bf4 47. a4 g5 48. a5 Qe1+ 49. Ka2 Qxa5+ 50. Kb1 Qe1+ 51. Ka2 Qe6+ 52. Kb1 Kf5 53. Qd3+ Kg4 54. Qf1 Qe3 55. Qg2+ Kh4 56. Qh1+ Kg3 57. b4 Be5 58. Ka2 Bd4 59. Qf1 Qc3 60. Qb1 g4 61. b5 Qa5+ 62. Kb3 Qxb5+ 63. Ka3 Qxb1 64. c3 Bxc3 65. Ka4 Qb4# 0-1

[Event "Early-Titled-Tuesday-Blitz-October-03-2023"]
[Site "Chess.com"]
[Date "2023.10.03"]
[Round "2"]
[White "GalaxyRoman"]
[Black "slorovel"]
[Result "0-1"]
[WhiteElo "2717"]
[BlackElo "2477"]
[TimeControl "180+1"]
[EndTime "8:18:30 PDT"]
[Termination "slorovel won on time"]

1. e4 c5 2. Nc3 Nc6 3. f4 g6 4. Nf3 Bg7 5. Bb5 e6 6. Bxc6 bxc6 7. e5 Ne7 8. Ne4 Nf5 9. Nxc5 d6 10. Ne4 dxe5 11. fxe5 Qd5 12. Qe2 Bxe5 13. c4 Qa5 14.
c5 Bg7 15. g4 Ba6 16. Qf2 O-O 17. gxf5 exf5 18. Nd6 Rfe8+ 19. Nxe8 Rxe8+ 20. Kd1 Qa4+ 21. b3 Qa5 22. d4 Re2 23. Qxe2 Bxe2+ 24. Kxe2 Qc3 25.
Bd2 Qc2 26. Rhc1 Qe4+ 27. Kf2 Bxd4+ 28. Nxd4 Qxd4+ 29. Ke2 f4 30. Rc3 Qe4+ 31. Kd1 f3 32.
Re3 Qd4 33. Rc1 f2 34. Ke2 f5 35. Bc3 Qf4 36. Rf1 Qg4+ 37. Kxf2 f4 38. Rd3 Qh4+ 39.
Ke2 Qxh2+ 40. Rf2 Qh5+ 41. Kd2 g5 42. Rd8+ Kf7 43. Rd7+ Ke6 44. Rd6+ Kf5 45. Rxc6 Qh3 46. Rf6+ Kg4 47. c6 Qe3+ 48. Kc2 Qxf2+ 49. Kb1 Qc5 50.
Kb2 f3 51. b4 Qc4 52. a4 Kg3 53. b5 f2 54. Be5+ Kg2 55. c7 f1=Q 56. Rc6 Qb4+ 57. Kc2 Qe2+ 58. Kc1 Qa3+ 59. Kb1 Qd1+ 0-1

[Event "Early-Titled-Tuesday-Blitz-October-03-2023"]
[Site "Chess.com"]
[Date "2023.10.03"]
[Round "2"]
[White "betta2004"]
[Black "AlmasRakhmatullaev"]
[Result "1/2-1/2"]
[WhiteElo "2556"]
[BlackElo "2797"]
[TimeControl "180+1"]
[EndTime "8:18:31 PDT"]
[Termination "Game drawn by agreement"]

1. e4 e5 2. Nf3 Nf6 3. Nxe5 d6 4. Nf3 Nxe4 5. Nc3 Nxc3 6. dxc3 Be7 7. Bd3 Be6 8. Bf4 Nc6 9. Qd2 Qd7 10. O-O-O O-O-O 11.
Rhe1 h6 12. h4 Rhe8 13. Nd4 Nxd4 14. cxd4 Bxh4 15. Qa5 Kb8 16. d5 Bf5 17. Bb5 Rxe1 18. Rxe1 Qc8 19. Re3 Bxf2 20. Ra3 Bb6 21. Qa4 Bd7 22.
Be3 Bxb5 23. Qxb5 Qd7 24. Qd3 Qe7 25. Bd2 Re8 26. b4 Qe2 27. Qf5 f6 28. Qg6 Qe5 29. Bc3 Qg5+ 30. Qxg5 hxg5 31. Kd1 Re3 32. b5 Bd4 33. Bb4 Rxa3 34. Bxa3 Kc8 35. Ke2 Kd7 36. Kd3 Be5 37. Ke4 Ke7 38. g4 g6 39. c4 Kd7 40. Bc1 a6 41. a4 Bf4 42. Bb2 Be5 43.
Bc1 c6 44. Be3 axb5 45. axb5 Kc7 46. Bf2 Bc3 47. Be3 Bb2 48. Bf2 Kd7 49. Be3 Bc3 50. Bf2 Bd2 51. Bd4 Ke7 52. dxc6 bxc6 53. bxc6 Ba5 54. Kd5 f5 55. c5 dxc5 56. Bxc5+ Kf7 57.
gxf5 gxf5 58. Ke5 Kg6 59. Bd6 g4 60. Kf4 Bd2+ 61. Kg3 Ba5 62. c7 Bxc7 63. Bxc7 Kg5 64.
Bd8+ 1/2-1/2

[Event "Early-Titled-Tuesday-Blitz-October-03-2023"]
[Site "Chess.com"]
[Date "2023.10.03"]
[Round "2"]
[White "twofoxniel"]
[Black "VovenRogel"]
[Result "1/2-1/2"]
[WhiteElo "2602"]
[BlackElo "2849"]
[TimeControl "180+1"]
[EndTime "8:18:32 PDT"]
[Termination "Game drawn by stalemate"]

1. e4 e5 2. Nf3 Nc6 3. Nc3 Nf6 4. d4 exd4 5. Nxd4 Bb4 6. Nxc6 bxc6 7. Bd3 d5 8. exd5 O-O 9. O-O Bg4 10. f3 Bh5 11.
Bd2 cxd5 12. Kh1 c5 13. b3 Bg6 14. Bxg6 hxg6 15. a3 Ba5 16. Na4 Bb6 17. Bf4 Qd7 18. Qd3 Rfe8 19. Rad1 Nh5 20. Be3 d4 21. Bc1 Bc7 22. Qc4 Qd6 23. f4 Bb6 24. Qd3 f5 25. Nb2 Bc7 26. Nc4 Qc6 27. Qf3 Re4 28. g3 Nf6 29. Bb2 Rae8 30. c3 dxc3 31. Bxc3 Ng4 32. h3 Nf6 33. Be5 Re6 34. Bxc7 Qxc7 35. Rd3 Rd4 36.
Rxd4 cxd4 37. Ne5 Ne4 38. Rd1 Qc3 39. Kg2 g5 40. Qxc3 dxc3 41. Rd8+ Kh7 42. Rc8 gxf4 43. gxf4 g5 44. Nd3 Rd6 45. Nc5 gxf4 46. Kf3 Rd4 47.
Nxe4 fxe4+ 48. Kxf4 Rd3 49. Kxe4 Rxh3 50. Kd4 c2 51.
Rxc2 Rxb3 52. Rc7+ Kg6 53. Rxa7 Kf6 54. Kc4 Rb1 55.
Rd7 Ke6 56. Rd3 Rb7 57. a4 Rd7 58. Rxd7 Kxd7 59. Kc5 Kc7 60. Kb5 Kb7 61. Ka5 Ka8 62.
Kb5 Kb8 63. a5 Ka8 64. a6 Kb8 65. Kb6 Ka8 66. a7 1/2-1/2

[Event "Early-Titled-Tuesday-Blitz-October-03-2023"]
[Site "Chess.com"]
[Date "2023.10.03"]
[Round "2"]
[White "Shuvalov"]
[Black "PeshkaCh"]
[Result "0-1"]
[WhiteElo "2450"]
[BlackElo "2797"]
[TimeControl "180+1"]
[EndTime "8:18:33 PDT"]
[Termination "PeshkaCh won on time"]

1. d4 Nf6 2. c4 c5 3. Nf3 g6 4.
Nc3 cxd4 5. Nxd4 Bg7 6. g3 Nc6 7. Bg2 O-O 8. O-O Qa5 9. Nb3 Qh5 10. h3 d6 11. g4 Qe5 12. Nd5 Nxd5 13. cxd5 Nd4 14. f4 Nxe2+ 15. Kh2 Nxf4 16. Bxf4 Qxb2 17. Rb1 Qxa2 18. Nd4 Qc4 19. Ne2 b6 20. Rc1 Qb4 21.
Qd2 Qxd2 22. Bxd2 Ba6 23. Rfe1 Rac8 24. Rc6 Bb5 25. Rxc8 Rxc8 26. Rc1 Be5+ 27. Kg1 Rxc1+ 28. Nxc1 a5 29. Be3 Bb2 30. Bf1 Bd7 31. Na2 b5 32.
Bb6 b4 33. Bxa5 Bd4+ 34. Kg2 b3 35. Nc3 b2 36. Nb1 Ba4 37. Bd3 Bb3 38. Bc3 Bxd5+ 39.
Kf1 Bxc3 40. Nxc3 Bb3 41. Bb1 Kg7 42. Ke2 Kf6 43. Ne4+ Ke5 44. Ng5 h6 45. Nf3+ Kf4 46. Nd4 Bd5 47. Kf2 Be4 48. Ne2+ Ke5 49. Nc3 Bxb1 50.
Nxb1 Kd4 51. Ke2 e5 52. Kd2 Ke4 53. Ke2 d5 54. Nd2+ Kf4 55. Kf2 e4 56. Nb1 d4 57.
Ke2 Kg3 58. Kd2 Kxh3 59. Kc2 e3 60. Kxb2 e2 61. Nd2 e1=Q 62. Nb3 Qc3+ 63. Ka2 Kxg4 0-1

[Event "Early-Titled-Tuesday-Blitz-October-03-2023"]
[Site "Chess.com"]
[Date "2023.10.03"]
[Round "2"]
[White "themind1hunter"]
[Black "Abund"]
[Result "1/2-1/2"]
[WhiteElo "2549"]
[BlackElo "2773"]
[TimeControl "180+1"]
[EndTime "8:18:35 PDT"]
[Termination "Game drawn by agreement"]

1. e4 e5 2. Nf3 Nc6 3. Bb5 Nf6 4. O-O Nxe4 5. d4 Nd6 6. dxe5 Nxb5 7. a4 Nbd4 8. Nxd4 d5 9. exd6 Bxd6 10. Re1+ Be7 11.
Nxc6 Qxd1 12. Rxd1 bxc6 13. Bf4 Bf6 14. Nc3 O-O 15.
Bxc7 Bf5 16. Rd2 Rfe8 17. Rad1 h5 18. h3 Re7 19. Bd8 Bxc3 20. Bxe7 Bxd2 21. Rxd2 Re8 22.
Bc5 a6 23. b4 Re1+ 24. Kh2 Rc1 25. Rd8+ Kh7 26. Ra8 Bxc2 27. Rxa6 Ra1 28. a5 Ba4 29.
Ra7 Kg6 30. h4 Bb5 31. Re7 Ra3 32. Re5 Bd3 33. Rg5+ Kh6 34. Bf8 Bg6 35. Rc5 Be4 36.
f3 Bd5 37. b5 Rxa5 38. bxc6 Rxc5 39. Bxc5 Bxc6 40. Be3+ Kg6 41. Kg3 Kf5 42. Bd4 f6 43. Kf2 Bb5 44. g3 Bc6 45. Ke3 Bb7 46. Bc5 Ba6 47. Bf8 g5 48. hxg5 fxg5 49. Be7 Bb7 50. f4 h4 51. gxh4 gxf4+ 52. Kf2 Kg4 53. Bd6 f3 54. Bg3 Bc6 55. Bd6 Kxh4 56. Bc5 Kg4 57. Bb6 Kf4 58. Bc5 Ke4 59. Ba7 Ke5 60.
Bb8+ Ke6 61. Ba7 Kd7 62. Be3 Bd5 63. Bf4 Kc6 64. Bg3 Kb5 65. Bh4 Kc4 66. Bg5 Kd3 67.
Bh6 Ke4 68. Bg7 Bb7 69. Bf8 Ba8 70. Bg7 Kf5 71. Bh8 Kg6 72. Ba1 Kg5 73. Bb2 Kg4 74. Bc1 Kf5 75. Bd2 Ke4 76. Be1 Kd3 77. Ba5 Kc4 78. Bd8 Kd5 79. Bh4 Ke6 80. Bg3 Kf5 81. Bb8 Bc6 82. Ba7 Ke6 83. Be3 Kf5 84.
Ba7 Kg4 85. Bb8 Kf5 86. Bc7 1/2-1/2

[Event "Early-Titled-Tuesday-Blitz-October-03-2023"]
[Site "Chess.com"]
[Date "2023.10.03"]
[Round "2"]
[White "rikchessmx"]
[Black "aistrel"]
[Result "0-1"]
[WhiteElo "2346"]
[BlackElo "2564"]
[TimeControl "180+1"]
[EndTime "8:18:36 PDT"]
[Termination "aistrel won by resignation"]

1. e4 c6 2. d4 d5 3. Nc3 dxe4 4. Nxe4 Nf6 5. Ng5 h6 6. N5f3 Bf5 7. Bd3 Bxd3 8.
Qxd3 e6 9. Ne2 Bd6 10. Bf4 O-O 11. Bxd6 Qxd6 12. O-O c5 13. dxc5 Qxc5 14. c3 Nc6 15.
Ned4 Rfd8 16. Qe3 Nxd4 17. Nxd4 e5 18. Nf5 Qxe3 19. fxe3 Rd2 20. Nxh6+ gxh6 21. Rxf6 Rxb2 22. Rxh6 Rd8 23. Rh3 Rdd2 24. Rg3+ Kf8 25. Rf1 Rxa2 26. h4 Rac2 27. h5 Rxc3 28. Rf5 Rc1+ 29. Kh2 Rdd1 30. Rgf3 Rh1+ 31. Kg3 Rc7 32. Rxe5 Kg7 33. Kg4 f6 34. Ref5 Rc4+ 35. Kg3 Rc6 36. e4 Re6 37. Kf4 Rh4+ 38.
g4 Rh1 39. g5 fxg5+ 40. Rxg5+ Kh6 41. Rf5 Rh4+ 42. Kg3 Rhxe4 43. Rf7 Kxh5 44. Rxb7 a6 45. Ra7 Rg4+ 46. Kf2 Ra4 47. Rg3 Ra2+ 48. Kf1 Ra1+ 49. Kf2 Ra2+ 50. Kf1 Rf6+ 51. Kg1 Ra1+ 52. Kg2 Ra2+ 53.
Kg1 Kh6 54. Ra8 Rg6 55. Rh8+ Kg7 56. Rxg6+ Kxg6 57. Ra8 Kf5 58. Kf1 Ke4 59. Ke1 Kd3 60. Ra7 Kc2 61. Ke2 a5 62. Ke3 a4 63. Kd4 a3 64. Rh7 Rb2 65. Rh2+ Kb3 66. Rh3+ Kb4 67. Rh8 a2 68. Ra8 Kb3 69. Kd3 Rb1 70. Rb8+ Ka3 71.
Ra8+ Kb3 72. Rb8+ Ka3 73. Ra8+ Kb2 74. Rb8+ Kc1 75. Rc8+ Kd1 76. Rh8 Ke1 77. Re8+ Kf2 78. Rf8+ Kg3 79. Rg8+ Kf4 80. Rf8+ Ke5 81. Re8+ Kd6 82.
Rd8+ Kc7 83. Ra8 a1=Q 84. Rxa1 Rxa1 0-1

[Event "Early-Titled-Tuesday-Blitz-October-03-2023"]
[Site "Chess.com"]
[Date "2023.10.03"]
[Round "2"]
[White "sonicdravise"]
[Black "Boxerandchessplayer"]
[Result "1-0"]
[WhiteElo "2663"]
[BlackElo "2163"]
[TimeControl "180+1"]
[EndTime "8:18:39 PDT"]
[Termination "sonicdravise won by resignation"]

1. d4 e6 2. c4 d5 3. Nc3 h6 4. cxd5 exd5 5. Bf4 Nf6 6. e3 Bd6 7. Bg3 O-O 8. Bd3 b6 9. Nf3 Bxg3 10.
hxg3 Bg4 11. Qc2 c5 12. Ne5 cxd4 13. exd4 Re8 14. f3 Nc6 15. O-O-O Nxd4 16. Bh7+ Nxh7 17. Rxd4 Rxe5 18. Rxg4 Rg5 19. Rd4 Rxg3 20. Rxd5 Qe8 21. Kb1 Nf6 22. Rd2 Rg5 23. Rhd1 Rc8 24. Qb3 Re5 25. Nb5 Qe7 26. Nd6 Rc7 27. Nc4 Re1 28. Rxe1 Qxe1+ 29. Rd1 Qe6 30. Rd8+ Kh7 31. Qd3+ g6 32.
b3 Qe1+ 33. Kb2 Qf2+ 34. Ka3 Qc5+ 35. Kb2 Qf2+ 36. Ka3 b5 37. Qd6 Qc5+ 38. Qxc5 Rxc5 39. Nd6 Kg7 40. Rb8 a6 41. Rb7 Rc2 42. Rxf7+ Kg8 43.
Rxf6 Rxg2 44. Ne4 h5 45. Rxa6 h4 46. Ra8+ Kg7 47. Ra7+ Kg8 48. Ra5 h3 49. Ra8+ Kf7 50. Ra7+ Kf8 51. Ra8+ Kf7 52. Rh8 Kg7 53. Rxh3 g5 54.
Rh5 Kg6 55. Rxg5+ Rxg5 56. Nxg5 Kxg5 57. Kb4 Kf4 58. Kxb5 Kxf3 59. a4 Ke4 60. a5 Kd5 61. a6 Kd6 62. Kb6 1-0

[Event "Early-Titled-Tuesday-Blitz-October-03-2023"]
[Site "Chess.com"]
[Date "2023.10.03"]
[Round "2"]
[White "GroovyKettle"]
[Black "LeRoidesChampions"]
[Result "1-0"]
[WhiteElo "2972"]
[BlackElo "2621"]
[TimeControl "180+1"]
[EndTime "8:18:41 PDT"]
[Termination "GroovyKettle won by checkmate"]

1. e4 c5 2. Nf3 d6 3. Nc3 a6 4. d4 cxd4 5. Qxd4 Nc6 6. Qe3 Nf6 7. Bc4 e6 8. O-O Be7 9. Rd1 Qc7 10. h3 O-O 11. a4 b6 12. Qe2 Bb7 13. Bf4 Ne5 14.
Nxe5 dxe5 15. Bg3 g6 16. Rd2 Nh5 17. Bh2 Nf4 18. Qf1 Rfd8 19. Rad1 Rxd2 20. Rxd2 Bc5 21. Bb3 Rd8 22. Qd1 Rxd2 23. Qxd2 Bb4 24. Qe3 Bc5 25. Qd2 Bb4 26. g3 Nh5 27. f3 Nf6 28. g4 Nd7 29. Qg5 Bxc3 30. bxc3 Qxc3 31. Qd8+ Nf8 32. Qxb6 Qxf3 33. Qxb7 Qe3+ 34. Kg2 Qe2+ 35. Kg1 Qe3+ 36.
Kf1 Qf3+ 37. Ke1 Qh1+ 38. Kd2 Qxh2+ 39. Kc1 Qxh3 40. Qxa6 Qe3+ 41. Kb2 Kg7 42. a5 Qd4+ 43. Ka2 Nd7 44. Qb5 Nc5 45. a6 Nxe4 46. Qc6 Nc3+ 47.
Ka3 e4 48. Qc4 Qd6+ 49. Kb2 Nd1+ 50. Kc1 Nf2 51. Qc3+ e5 52. Qe3 Nxg4 53. Qxe4 Nf6 54. Qb7 Qa3+ 55. Kb1 Qa5 56. a7 Qe1+ 57. Kb2 Ne4 58.
a8=Q Qc3+ 59. Ka2 Nd2 60. Qxf7+ Kh6 61. Qaf8+ Kh5 62. Qxh7+ Kg5 63. Qfe7+ Kf4 64. Qhh4+ Ke3 65. Qe1+ Kf4 66. Qf6+ Kg4 67. Be6+ Kh5 68. Qeh4# 1-0

[Event "Early-Titled-Tuesday-Blitz-October-03-2023"]
[Site "Chess.com"]
[Date "2023.10.03"]
[Round "2"]
[White "Beca95"]
[Black "jaskol95"]
[Result "1-0"]
[WhiteElo "3022"]
[BlackElo "2628"]
[TimeControl "180+1"]
[EndTime "8:18:45 PDT"]
[Termination "Beca95 won by checkmate"]

1. d4 d5 2. Nf3 c5 3. e3 Nc6 4.
Bb5 e6 5. O-O Bd7 6. c4 Nf6 7.
cxd5 Nxd5 8. Nc3 Nxc3 9. bxc3 cxd4 10. exd4 Bd6 11. Re1 O-O 12. Bd3 h6 13. Qe2 Rc8 14. Rb1 b6 15. Bd2 Ne7 16. c4 Qc7 17. Qe4 f5 18.
Qh4 Ng6 19. Qh5 Nf4 20. Bxf4 Bxf4 21. g3 Bd6 22. Ne5 Be8 23. Qf3 Rd8 24. Qf4 Bxe5 25.
Rxe5 Qd6 26. d5 exd5 27. cxd5 Bd7 28. Qd4 Rde8 29. f4 Rc8 30. Kf2 Qc5 31. Qxc5 Rxc5 32. Ke3 Re8 33. Kd4 Rd8 34. Bc4 Kf8 35. Bb3 Rdc8 36.
Rbe1 a5 37. Re7 Be8 38. d6 Rd8 39. R1e6 Bf7 40. Rxf7+ Kxf7 41. Re5+ Kf8 42. Rxc5 bxc5+ 43. Kxc5 Ke8 44. Be6 Rb8 45. Bxf5 Kd8 46. Be6 Rb2 47.
h4 Rg2 48. g4 Rd2 49. g5 Rc2+ 50. Kd5 hxg5 51. hxg5 Rxa2 52. f5 Rd2+ 53. Ke5 a4 54. f6 gxf6+ 55. gxf6 Re2+ 56. Kf5 Rf2+ 57. Kg6 a3 58. f7 Rg2+ 59. Kf6 Rf2+ 60. Kg7 Rg2+ 61. Kf6 Rf2+ 62. Bf5 Rxf5+ 63. Kxf5 Kd7 64. f8=Q a2 65.
Qe7+ Kc6 66. Qe5 a1=Q 67. Qxa1 Kd7 68. Qg7+ Kc6 69. Qc7+ Kb5 70. d7 Ka6 71. d8=Q Kb5 72. Qdb8+ Ka4 73. Qca7# 1-0

[Event "Early-Titled-Tuesday-Blitz-October-03-2023"]
[Site "Chess.com"]
[Date "2023.10.03"]
[Round "2"]
[White "bascheyaro"]
[Black "BigAl"]
[Result "1/2-1/2"]
[WhiteElo "2796"]
[BlackElo "2555"]
[TimeControl "180+1"]
[EndTime "8:18:45 PDT"]
[Termination "Game drawn by repetition"]

1. d4 Nf6 2. Nf3 g6 3. c4 Bg7 4. Nc3 O-O 5. Bf4 d6 6. Qd2 c5 7. d5 b5 8. cxb5 a6 9. e4 Qa5 10. b6 Qxb6 11. Be2 Bg4 12. O-O Bxf3 13. Bxf3 Nbd7 14. Rae1 Rab8 15. b3 Rfc8 16. e5 dxe5 17. Bxe5 Nxe5 18. Rxe5 Qd6 19. Rfe1 Rc7 20. R5e2 h5 21.
Qd3 Rb4 22. Ne4 Nxe4 23. Rxe4 Bf6 24. Rc1 a5 25. a3 Rb8 26. Rcc4 Rcb7 27. Re3 Bd4 28. Re1 Rxb3 29. Qe4 Rb2 30. Rc2 Rxc2 31. Qxc2 Rb2 32. Qc1 Bxf2+ 33. Kh1 Bxe1 34. Qxb2 Bh4 35. Qc3 Qb6 36. g3 Bf6 37. Qc2 Kg7 38. Be2 Bd4 39.
Bc4 Qf6 40. Qe2 h4 41. Kg2 hxg3 42. hxg3 Be5 43. a4 Qg5 44. Qf3 Bd6 45. Qd3 Qe5 46.
Kf2 Qb2+ 47. Qe2 Qd4+ 48. Kg2 f5 49. Qd3 Qe5 50. Bb5 Qb2+ 51. Kf3 Qe5 52. Kg2 g5 53. Qf3 Qb2+ 54. Qe2 Qf6 55. Qf3 g4 56. Qe3 f4 57.
gxf4 Bxf4 58. Qe6 Qb2+ 59. Be2 Qe5 60. Qxg4+ Qg5 61. Qxg5+ Bxg5 62. Kf3 Kf6 63. Ke4 Bh4 64. Bc4 Bg3 65. Bb5 Bd6 66. Bc6 Bc7 67. Bd7 Bd6 68.
Kd3 Bc7 69. Kc4 Ke5 70. Be6 Kd6 71. Bf7 Bd8 72. Be6 Bc7 73. Bg4 Bd8 74. Be6 Bc7 1/2-1/2

[Event "Early-Titled-Tuesday-Blitz-October-03-2023"]
[Site "Chess.com"]
[Date "2023.10.03"]
[Round "2"]
[White "Rosh1610"]
[Black "MikeSailer"]
[Result "1-0"]
[WhiteElo "2464"]
[BlackElo "2154"]
[TimeControl "180+1"]
[EndTime "8:18:45 PDT"]
[Termination "Rosh1610 won by checkmate"]

1. e4 d5 2. exd5 Qxd5 3. Nc3 Qd6 4. Nf3 c6 5. Bc4 Nf6 6. O-O Bg4 7. h3 Bh5 8. d3 e6 9. Bg5 Nbd7 10. Qe2 Be7 11.
Rad1 O-O 12. Ne4 Qc7 13. Ng3 Bxf3 14. Qxf3 Nb6 15. Bb3 a5 16. a4 Nbd5 17. Ne4 Rfd8 18. Bh4 Qf4 19. Nxf6+ Bxf6 20. Bxf6 Qxf3 21. gxf3 Nxf6 22.
Rfe1 Rd4 23. c3 Rf4 24. Kg2 Rf5 25. d4 Kf8 26. h4 Ke7 27. Bc2 Rh5 28. Kg3 Kd6 29.
f4 b5 30. b3 Rb8 31. axb5 cxb5 32. c4 bxc4 33. bxc4 Rb2 34. Bd3 a4 35. c5+ Kc7 36.
Be2 Rb3+ 37. Kg2 Rxh4 38. Ra1 a3 39. Rab1 Rxb1 40. Rxb1 Rxf4 41. Ra1 Rxd4 42. Rxa3 Rd7 43. Ra7+ Kc6 44. Ra5 Rb7 45. Bf3+ Nd5 46. Kg3 f5 47. Be2 h6 48. f3 g5 49. Bd1 h5 50. Ba4+ Kc7 51.
Ra6 h4+ 52. Kh3 e5 53. Rc6+ Kb8 54. Rd6 Nc3 55. Bc6 Rc7 56. Rd8+ Ka7 57. Ra8# 1-0

[Event "Early-Titled-Tuesday-Blitz-October-03-2023"]
[Site "Chess.com"]
[Date "2023.10.03"]
[Round "2"]
[White "InitiatingASC"]
[Black "elmusmolamas"]
[Result "1-0"]
[WhiteElo "2339"]
[BlackElo "2466"]
[TimeControl "180+1"]
[EndTime "8:18:45 PDT"]
[Termination "InitiatingASC won on time"]

1. d4 c5 2. e3 cxd4 3. exd4 d5 4. c4 Nf6 5. Nc3 Be6 6. Nf3 Nc6 7. c5 g6 8. Be2 Bg7 9. O-O O-O 10.
h3 Bf5 11. Be3 Ne4 12. Qa4 Qd7 13. Rfd1 Rfd8 14. Rac1 Nxc3 15. bxc3 Nxd4 16. Rxd4 Bxd4 17. Qxd7 Bxd7 18. cxd4 f6 19. Rb1 Bc6 20. Bf4 g5 21.
Bg3 h6 22. Bd3 Kf7 23. Bb5 Rd7 24. a4 e6 25. Nh2 Re8 26. Ng4 h5 27. Ne3 e5 28.
Nf5 Kg6 29. Nd6 Re6 30. Re1 e4 31. f3 f5 32. fxe4 fxe4 33. Be5 Rd8 34. Rb1 Rd7 35. Bxc6 bxc6 36. Rb8 Ree7 37. Kf2 h4 38. Ke3 Rh7 39.
Rg8+ Kh5 40. Rf8 Kg6 41. Rf6+ Kh5 42. Rf5 Rhe7 43. Rf6 Rh7 44. Nf5 Rdf7 45. Rxf7 Rxf7 46. Nd6 Rf1 47. Ne8 Ra1 48. Nf6+ Kg6 49. Nd7 Rxa4 50. Nb8 Ra3+ 51. Ke2 Ra2+ 52. Kf1 e3 53. Nxc6 Kf5 54. Nb4 Rf2+ 55. Ke1 Ke4 56. c6 Rxg2 57. c7 Kf3 58.
Kd1 e2+ 59. Kd2 Rg1 60. Nd3 Rd1+ 61. Kc2 1-0

[Event "Early-Titled-Tuesday-Blitz-October-03-2023"]
[Site "Chess.com"]
[Date "2023.10.03"]
[Round "2"]
[White "LeoLV10"]
[Black "Verony64"]
[Result "1-0"]
[WhiteElo "2572"]
[BlackElo "2245"]
[TimeControl "180+1"]
[EndTime "8:18:46 PDT"]
[Termination "LeoLV10 won by resignation"]

1. e4 e5 2. Nf3 d6 3. d4 Nd7 4. Nc3 c6 5. Bc4 Be7 6. O-O Ngf6 7. Re1 O-O 8. a4 b6 9. Bb3 Qc7 10. h3 a6 11. Bg5 Bb7 12. Qe2 c5 13. d5 Rfe8 14.
Bc4 Nf8 15. Qd2 Ng6 16. b3 h6 17. Be3 Nh5 18. g3 Bc8 19. Kg2 Bd7 20. Rh1 Qc8 21.
Be2 Nf6 22. Rag1 Rf8 23. g4 Nh7 24. Kf1 Qd8 25. h4 Nxh4 26. Nxh4 Bxh4 27. Ke1 Bg5 28. Rh5 Qf6 29. Nd1 Qg6 30. Bxg5 Nxg5 31. f3 Rfc8 32. Ne3 Qf6 33. Nf5 Kf8 34. Rgh1 Bxf5 35.
gxf5 b5 36. a5 c4 37. b4 Qd8 38. c3 f6 39. Kd1 Ra7 40. Kc2 Rac7 41. Bd1 Qe7 42.
R5h4 Qf7 43. Re1 Rd7 44. Qe3 Re7 45. Qb6 Rd7 46. Qxa6 Qe7 47. Qb6 Rb7 48. Qe3 Qc7 49. Rh2 Ra7 50. Kb1 Rb7 51. Ra2 Ra8 52. Kb2 Rba7 53.
Bc2 Rb7 54. Rea1 Rba7 55. Bd1 Qf7 56. Qb6 Ke7 57. Qxb5 Qh5 58. Qxc4 Qh2+ 59. Kb3 Qf2 60. Qe2 Qg3 61. Kc2 Qf4 62. Qd2 Qg3 63. Qd3 Rc8 64. Ra3 Rac7 65. b5 Nh3 66. b6 Nf4 67. Qd2 Rb7 68. Rb3 Qg1 69. Rab1 Qc5 70. a6 Nxd5 71.
axb7 Rb8 72. Qxd5 1-0

[Event "Early-Titled-Tuesday-Blitz-October-03-2023"]
[Site "Chess.com"]
[Date "2023.10.03"]
[Round "2"]
[White "parintele_chess"]
[Black "Giorno"]
[Result "0-1"]
[WhiteElo "2256"]
[BlackElo "2497"]
[TimeControl "180+1"]
[EndTime "8:18:46 PDT"]
[Termination "Giorno won by checkmate"]

1. d4 Nf6 2. Bf4 Nh5 3. Bg5 h6 4. Bh4 g5 5. e4 Nf6 6. e5 gxh4 7.
exf6 e6 8. Qf3 d5 9. Nc3 Nd7 10. O-O-O Qxf6 11. Qg4 Qg5+ 12. Qxg5 hxg5 13. Nf3 f6 14.
Bd3 Kf7 15. h3 c6 16. Rhe1 Bd6 17. Kb1 b5 18. Ne2 a5 19. Nc1 a4 20. a3 b4 21. axb4 Bxb4 22. c3 Bd6 23. Bc2 Bb7 24.
Nd3 c5 25. dxc5 Nxc5 26. Nd4 Nxd3 27. Bxd3 Rhe8 28. Bb5 Re7 29. Nc6 Rc7 30. Nd4 Be5 31.
Nf3 Ra5 32. Be2 Bd6 33. Nd4 Bc5 34. Bh5+ Kg8 35. Rxe6 Bxd4 36. Rxd4 Kg7 37. Bf3 a3 38. b4 a2+ 39. Ka1 Ra3 40. c4 dxc4 41. Bxb7 Rxb7 42. Rxc4 Rd7 43. Re1 Rd2 44. b5 Rxf2 45. b6 Rb3 46.
Rc7+ Kg6 47. b7 Rxg2 48. Rd7 Rgb2 49. Rc7 Rxb7 50. Rxb7 Rxb7 51. Kxa2 Rd7 52. Kb2 Rd3 53. Rh1 f5 54. Kc2 Rd6 55. Kc3 Kh5 56. Kc4 g4 57. Kc5 Rd8 58. hxg4+ fxg4 59. Re1 g3 60. Re5+ Kg4 61.
Re7 h3 62. Rg7+ Kf3 63. Rf7+ Kg2 64. Rh7 h2 65. Re7 h1=Q 66. Kb6 Qb1+ 67. Ka7 Qa2+ 68. Kb7 Qb3+ 69. Ka7 Qa3+ 70. Kb7 Qxe7+ 71. Ka6 Rd6+ 72. Kb5 Qe5+ 73. Kc4 Rd4+ 74. Kc3 Qe3+ 75. Kc2 Rd2+ 76. Kc1 Qe1# 0-1

[Event "Early-Titled-Tuesday-Blitz-October-03-2023"]
[Site "Chess.com"]
[Date "2023.10.03"]
[Round "2"]
[White "LoaySameer"]
[Black "ajedrezhoy"]
[Result "0-1"]
[WhiteElo "2598"]
[BlackElo "2372"]
[TimeControl "180+1"]
[EndTime "8:18:47 PDT"]
[Termination "ajedrezhoy won by checkmate"]

1. Nf3 Nf6 2. g3 b6 3. Bg2 Bb7 4. O-O c5 5. d3 g6 6. e4 d6 7. c3 Bg7 8. Re1 O-O 9. d4 Bxe4 10.
Rxe4 Nxe4 11. Ng5 d5 12. Nxe4 dxe4 13. Bxe4 Nd7 14. Bxa8 Qxa8 15. Be3 cxd4 16. cxd4 Nf6 17. Nc3 Nd5 18. Nxd5 Qxd5 19. Qb3 Qd7 20. a4 Rd8 21.
Rd1 h6 22. Qa3 e6 23. b4 Bf8 24. Qb3 Qd5 25. Qxd5 Rxd5 26. b5 Bg7 27. f4 Kf8 28. Kf2 Ke8 29. Ke2 Kd7 30. Kd3 Rh5 31. h4 Rd5 32.
Rc1 h5 33. Ke4 Bf8 34. Rc2 Bd6 35. Kf3 f5 36. Rc6 Bc7 37. Ke2 a6 38. Kd3 axb5 39. axb5 Rxb5 40. Rc1 Rb3+ 41. Ke2 Rb2+ 42. Kf3 b5 43.
Ra1 Rb3 44. Ra8 Bd8 45. Ra7+ Bc7 46. Ra6 b4 47. Ke2 Rb2+ 48. Kd3 Rb1 49. Ra7 b3 50. d5 Rd1+ 51. Kc4 Rxd5 52. Bb6 b2 53. Rxc7+ Kd6 54. Bc5+ Rxc5+ 55. Rxc5 b1=Q 56. Rb5 Qc2+ 57. Kb4 Qb2+ 58. Ka5 Qa3+ 59. Kb6 Qxg3 60. Kb7 Qxf4 61.
Rb6+ Kd5 62. Rb5+ Kd6 63. Rb6+ Ke7 64. Kc8 Kf6 65. Rb7 Qxh4 66. Kd7 Qe4 67. Rb6 Qd5+ 68. Ke8 h4 69. Kf8 Qc5+ 70. Kg8 Qxb6 71. Kh7 Qb7+ 72. Kh8 Qg7# 0-1

[Event "Early-Titled-Tuesday-Blitz-October-03-2023"]
[Site "Chess.com"]
[Date "2023.10.03"]
[Round "2"]
[White "Likvidator228"]
[Black "ValentunHulka"]
[Result "1-0"]
[WhiteElo "2563"]
[BlackElo "2781"]
[TimeControl "180+1"]
[EndTime "8:18:51 PDT"]
[Termination "Likvidator228 won by resignation"]

1. d4 Nf6 2. Nf3 e6 3. Bf4 c5 4. e3 d5 5. Nbd2 Nc6 6. c3 Nh5 7. Bg5 f6 8. Bh4 g6 9. Bd3 cxd4 10. cxd4 Be7 11. a3 O-O 12. O-O Bd7 13. b4 Rc8 14. Rc1 Ng7 15. Nb3 b6 16. Ba6 Rc7 17. Bg3 e5 18. dxe5 fxe5 19. Nxe5 Nxe5 20. Bxe5 Rxc1 21. Qxc1 Ne6 22. Nd4 Nxd4 23. Bxd4 Bd6 24. f4 Bf5 25. Qd2 Be4 26. Rc1 Qd7 27. Bd3 Bxd3 28. Qxd3 Rc8 29. Rxc8+ Qxc8 30. Qc3 Qxc3 31. Bxc3 Kf7 32. Kf2 a5 33. bxa5 bxa5 34. a4 Bc7 35. Ke2 Ke6 36. g4 h5 37. h3 hxg4 38. hxg4 Bb6 39. Bd4 Bc7 40. Kf3 Bd8 41. e4 dxe4+ 42. Kxe4 Bc7 43. f5+ gxf5+ 44. gxf5+ Kd7 45. Kd5 Bd8 46. Kc5 Bg5 47.
Kb5 Bd2 48. Bb6 Kd6 49. Bxa5 Bg5 50. Bc3 Kc7 51. a5 Kb7 52. a6+ Ka7 53. Bd4+ Ka8 54. Kc6 Bh4 55. Kd5 Bg5 56. Ke6 Bh4 57. Bf6 Bf2 58. Be5 Bh4 59. Bd4 Bg5 60. Kf7 Bh4 61. Kg6 Be7 62. Kf7 Bh4 63. Ke8 Bg5 64. Kd7 Bh4 65. Ke6 Bg5 66. Bf2 Bd8 67. Kf7 Bg5 68.
Kg6 Be7 69. Kh5 Bf6 70. Bh4 Bc3 71. Bf2 Bf6 72. Kh6 Kb8 73. Kg6 Bd8 74. Be3 Bh4 75. Bg5 Bg3 76. f6 Bd6 77. Be3 Ka8 78. Kf7 Bb4 79. Ke8 Bd6 80. f7 Bb4 81. Bg5 Ka7 82.
Be7 1-0